 Dungeon Crawl Stone Soup version 0.27-a0-1595-g0b823d0a13 (webtiles) character file.

Game seed: 13945875166096920785

695 DocSulfur the Ruffian (level 7, 0/55 HPs)
             Began as a Ghoul Gladiator on July 20, 2021.
             Was a Believer of Kikubaaqudgha.
             Killed by divine providence
             ... invoked by an orc priest
              (11 damage)
             ... on level 4 of the Dungeon.
             The game lasted 00:09:22 (3717 turns).

DocSulfur the Ruffian (Ghoul Gladiator)             Turns: 3717, Time: 00:09:23

Health: 0/55       AC:  4    Str: 19    XL:     7   Next: 64%
Magic:  10/10      EV: 16    Int:  4    God:    Kikubaaqudgha [**....]
Gold:   251        SH:  0    Dex: 10    Spells: 11/11 levels left

rFire    . . .     SeeInvis .     - Unarmed
rCold    + . .     Faith    .   (no shield)
rNeg     + + +     Spirit   .   a - +0 leather armour
rPois    ∞         Reflect  .   b - +0 helmet
rElec    .         Harm     .   (no cloak)
rCorr    .         Rampage  .   (no gloves)
Will     .....                  (no boots)
Stlth    +.........             (no amulet)
HPRegen  0.00/turn              m - +4 ring of evasion
MPRegen  0.12/turn              (no ring)

@: no status effects
A: claws 1, cold resistance 1, negative energy resistance 3, inhibited
regeneration, torment resistance 2
a: Renounce Religion, Receive Corpses


You were on level 4 of the Dungeon.
You worshipped Kikubaaqudgha.
Kikubaaqudgha was pleased with you.
You visited 1 branch of the dungeon, and saw 4 of its levels.

You collected 251 gold pieces.

Inventory:

Missiles
 c - 3 throwing nets
 h - 41 sling bullets
 i - 8 boomerangs (quivered)
Armour
 a - a +0 leather armour (worn)
 b - a +0 helmet (worn)
Jewellery
 m - a +4 ring of evasion (left claw)
Wands
 o - a wand of charming (9)
 p - a wand of flame (16)
Scrolls
 e - 3 scrolls of teleportation {unknown}
 f - 2 scrolls of enchant weapon {unknown}
 k - a scroll of blinking {unknown}
 n - a scroll of identify {unknown}
 r - a scroll of fog {unknown}
Potions
 d - a potion of mutation {unknown}
 g - a potion of flight {unknown}
 j - a potion of lignification {unknown}
 l - a potion of attraction {unknown}
 q - a potion of degeneration {unknown}


   Skills:
 - Level 2.1 Fighting
 - Level 2.0 Throwing
 - Level 2.6 Dodging
 * Level 7.4 Unarmed Combat
 + Level 2.8 Spellcasting
 + Level 3.4 Necromancy


You had 11 spell levels left.
You didn't know any spells.
Your spell library contained the following spells:

 Spells                   Type           Power      Damage    Failure   Level
 Animate Skeleton         Necr           6%         N/A       13%         1
 Pain                     Necr           12%        1d4       13%         1
 Corpse Rot               Necr/Air       N/A        N/A       36%         2
 Vampiric Draining        Necr           1%         2d6       36%         3


Dungeon Overview and Level Annotations

Branches:
Dungeon (4/15)
 Temple: D:4-7

Altars:
Gozag
Kikubaaqudgha
Zin
The Shining One

Annotations:
D:4 1 runed translucent door, Crazy Yiuf


Innate Abilities, Weirdness & Mutations

You thrive by killing the living.
You are immune to poison.
You have sharp fingernails.
Your flesh is cold resistant. (rC+)
You are immune to negative energy. (rN+++)
You do not regenerate when monsters are visible.
You are immune to unholy pain and torment.


Message History

You hear some strange, mumbled words.
You are confused.
You hear some strange, mumbled words.
You are more confused.
The orc priest closely misses you.
You see here a +0 dagger.
You closely miss something. Your claw misses something.
The orc priest barely misses you. Something hits you but does no damage.
You miss the orc priest. The orc priest closely misses you. Something hits you.
You bump into the rock wall.
The orc priest misses you. Something hits you but does no damage.
The orc priest calls down the wrath of Beogh upon you.
Beogh smites you!
You hear some strange, mumbled words.
Something tries to affect you, but you resist.
The orc priest hits you with a +3 flail.
You see here a +0 dagger.
You barely miss the orc priest. The orc priest completely misses you.
Something hits you but does no damage.
You claw the orc priest!
The orc priest is heavily wounded.
The orc priest hits you with a +3 flail!
Something hits you. Something barely misses you.
You're too confused to move!
The orc priest closely misses you. Something hits you.
You closely miss the orc priest.
The orc priest is heavily wounded.
The orc priest barely misses you.
You hear some strange, mumbled words.
A puff of flame appears from out of thin air!
The puff of flame hits you!
* * * LOW HITPOINT WARNING * * *
You closely miss the orc priest.
The orc priest is heavily wounded.
You feel less confused.
The orc priest invokes the aid of Beogh against you.
Beogh smites you!
You die...
Kikubaaqudgha rasps: "You have failed me!
Welcome... oblivion!"

##..#.#...# ##########
##.#...### #...[.....
#.....# #.........
###...#.## #.........
....#...<# #.........
.#####.<.#######.........
....####.......).........
#...####......)#o{.......
#...##..).##..##@........
.......#.###...##########
#...####.# #.#.... #...#
#.# #.#.....<
########)###.##......
##.........#.# ......
...####......# ......
#### #.......# ......
#....[..#


You could see an orc priest.

Vanquished Creatures
  A water moccasin (D:3)
  An ice beast (D:3)
  2 necrophages (D:4)
  A scorpion (D:4)
  A jelly (D:4)
  A hound (D:4)
  Ijyb (D:4)
  An orc wizard (D:4)
  5 adders
  4 gnolls
  2 adder skeletons (D:4)
  2 worms (D:3)
  2 dart slugs (D:1)
  6 orcs
  5 bats
  An endoplasm (D:2)
  A giant cockroach (D:1)
  7 goblins
  6 hobgoblins
  2 jackals (D:2)
  8 kobolds
  4 quokkas (D:4)
  5 ball pythons
  3 frilled lizards
  5 rats
77 creatures vanquished.

Vanquished Creatures (others)
  An orc (D:4)
1 creature vanquished.

Grand Total: 78 creatures vanquished

Notes
Turn   | Place    | Note
-------+----------+-------------------------------------------
     0 | D:1      | DocSulfur the Ghoul Gladiator began the quest for the Orb.
     0 | D:1      | Reached XP level 1. HP: 17/17 MP: 0/0
   245 | D:1      | Reached XP level 2. HP: 24/24 MP: 1/1
   403 | D:1      | Reached skill level 4 in Unarmed Combat
   755 | D:2      | Reached XP level 3. HP: 20/29 MP: 2/2
   888 | D:2      | Found a faded altar of an unknown god.
   973 | D:2      | Became a worshipper of Kikubaaqudgha
   973 | D:2      | Reached * piety under Kikubaaqudgha
   973 | D:2      | Received a gift from Kikubaaqudgha
  1830 | D:3      | Noticed a water moccasin
  1875 | D:3      | Killed a water moccasin
  1876 | D:3      | Reached skill level 5 in Unarmed Combat
  1876 | D:3      | Reached skill level 1 in Spellcasting
  1876 | D:3      | Reached skill level 1 in Necromancy
  1876 | D:3      | Reached XP level 4. HP: 17/36 MP: 2/4
  1876 | D:3      | Reached XP level 5. HP: 20/41 MP: 2/5
  2049 | D:3      | Noticed an ice beast
  2381 | D:3      | Reached XP level 6. HP: 48/48 MP: 7/7
  2429 | D:4      | Reached skill level 6 in Unarmed Combat
  2717 | D:3      | Killed an ice beast
  2815 | D:3      | Reached ** piety under Kikubaaqudgha
  3029 | D:4      | Noticed a necrophage
  3048 | D:4      | Killed a necrophage
  3049 | D:4      | Reached XP level 7. HP: 41/55 MP: 9/9
  3139 | D:4      | Reached skill level 7 in Unarmed Combat
  3302 | D:4      | Noticed Ijyb
  3308 | D:4      | Killed Ijyb
  3509 | D:4      | Found a runed translucent door.
  3510 | D:4      | Noticed Crazy Yiuf
  3611 | D:4      | Found an opulent altar of Gozag.
  3717 | D:4      | Killed from afar by an orc priest

Illustrated notes

Levels and vault maps discovered:
D:1:      amcnicky_arrival_underground_garden, layout_loops_ring,
          minmay_bisected
D:2:      layout_basic, ebering_ecumenical_altar_sacrificial,
          hangedman_abyss_or_decor_stabs
D:3:      layout_basic
D:4:      layout_rooms, grunt_temple_overflow_gold_and_silver,
          kennysheep_little_box, grunt_ministairs_14, uniq_ijyb,
          uniq_crazy_yiuf_cottage, uniq_duvessa

Skill      XL: |  1  2  3  4  5  6  7 |
---------------+----------------------+-----
Unarmed Combat | 4 5 6 7 |  7.4
Throwing       | 2 |  2.0
Spellcasting   | 1 2 |  2.8
Necromancy     | 1 2 3 |  3.4
Fighting       | |  2.1
Dodging        | |  2.6

Action                   |  1- 3 |  4- 6 |  7- 9 || total
-------------------------+-------+-------+-------++-------
Melee: Unarmed           |   102 |   119 |    70 ||   291
       Punch             |     2 |     3 |       ||     5
Throw: Boomerang         |       |    15 |       ||    15
Armor: Leather armour    |    37 |    28 |    10 ||    75
Dodge: Dodged            |    71 |    69 |    48 ||   188

Table legend: (Time is in decaauts)
 A = Elapsed time spent in this place.
 B = Non-inter-level travel time spent in this place.
 C = Inter-level travel time spent in this place.
 D = Time resting spent in this place.
 E = Time spent auto-exploring this place.
 F = Levels seen in this place.
 G = Mean time per level.
                   A        B        C        D        E       F      G
               +--------+--------+--------+--------+--------+-----+--------+
         Total |   3692 |   3557 |    135 |    138 |   2184 |   4 |  923.0 |
       Dungeon |   3692 |   3557 |    135 |    138 |   2184 |   4 |  923.0 |
               +--------+--------+--------+--------+--------+-----+--------+

Top non-repeatable levels by time:
     D:2: 1200 daAuts
     D:3: 912 daAuts
     D:4: 867 daAuts
     D:1: 712 daAuts
